 Dungeon Crawl Stone Soup version 0.31-a0-868-g674d60d6f7 (webtiles) character file.

Game seed: 11453813274763125505

495 croobank the Firebug (level 6, -6/44 HPs)
             Began as a Demonspawn Fire Elementalist on Oct 12, 2023.
             Was a Follower of Uskayaw.
             Mangled by Pikel
             ... wielding a +0 whip of electrocution
              (15 damage)
             ... on level 4 of the Dungeon.
             The game lasted 00:18:08 (5018 turns).

croobank the Firebug (Demonspawn Fire Elementalist) Turns: 5018, Time: 00:18:09

Health: -6/44      AC:  6    Str:  8    XL:     6   Next: 92%
Magic:  10/10      EV: 13    Int: 24    God:    Uskayaw [*.....]
Gold:   66         SH:  0    Dex: 17    Spells: 2/10 levels left

rFire   + . .        v - +3 short sword "Xemis" {heavy, rF+ Dex+3}
rCold   + . .        (no shield)
rNeg    . . .        w - +0 robe {rC+}
rPois   .            e - +1 helmet
rElec   .            (no cloak)
rCorr   .            (no gloves)
SInv    .            (no boots)
Will    .....        (no amulet)
Stlth   ++           j - ring of wizardry
HPRegen 0.27/turn    l - +6 ring of intelligence
MPRegen 0.12/turn

%: wizardry (x1)
@: no status effects
A: molten scales 1, powered by pain 1, demonic touch 1
a: Renounce Religion, Stomp


You were on level 4 of the Dungeon.
You worshipped Uskayaw.
Uskayaw was noncommittal.
You visited 1 branch of the dungeon, and saw 4 of its levels.

You collected 170 gold pieces.
You spent 104 gold pieces at shops.

Inventory:

Hand Weapons
 i - a +0 long sword
 k - a +0 war axe
 n - a +0 trident
 o - a +0 dagger
 v - the +3 short sword "Xemis" (weapon) {heavy, rF+ Dex+3}
   (You found it on level 3 of the Dungeon)

   Dex+3:     It affects your dexterity (+3).
   rF+:       It protects you from fire.
Missiles
 g - 2 boomerangs
Armour
 e - a +1 helmet (worn)
 w - a +0 robe of cold resistance (worn)
Magical Staves
 p - the staff of Defence {rPois Dex+5 Poison}
   (You acquired it on level 2 of the Dungeon)

   [staff of poison]

   Base accuracy: +5 Base damage: 5 Base attack delay: 1.2 This weapon's minimum
   attack delay (0.6) is reached at skill level 12.
   Dex+5:     It affects your dexterity (+5).
   rPois:     It protects you from poison Poison: It increases the power of your
   Poison spells.
   It falls into the 'Staves' category.
   It is a one-handed weapon.
Jewellery
 j - a ring of wizardry (left hand)
 l - a +6 ring of intelligence (right hand)
 r - a ring of willpower
Scrolls
 a - a scroll of poison
Potions
 b - a potion of magic
 d - a potion of ambrosia
 f - 2 potions of heal wounds
 h - 2 potions of haste
 m - a potion of might
 q - 2 potions of enlightenment
 s - a potion of invisibility
 t - a potion of mutation {unknown}
 u - a potion of lignification {unknown}
 A - a potion of attraction
 B - a potion of brilliance


   Skills:
 + Level 2.1 Fighting
 * Level 1.3 Short Blades
 + Level 2.8 Dodging
 + Level 3.0 Stealth
 + Level 2.9 Spellcasting
 + Level 2.4 Conjurations
 + Level 0.7 Hexes
 + Level 1.4 Translocations
 + Level 3.5 Fire Magic
 * Level 3.4 Invocations


You had 2 spell levels left.
You knew the following spells:

 Your Spells              Type           Power      Damage    Failure   Level
a - Foxfire               Conj/Fire      68%        2x1d7     1%          1
b - Scorch                Fire           40%        2d6       1%          2
c - Inner Flame           Hex/Fire       13%        N/A       6%          3
d - Blink                 Tloc           20%        N/A       4%          2

Your spell library contained the following spells:

 Spells                   Type           Power      Damage    Failure   Level
 Momentum Strike          Conj/Tloc      24%        3d8       3%          2
 Sandblast                Erth           6%         2d5       4%          1
 Lesser Beckoning         Tloc           20%        N/A       4%          2
 Static Discharge         Conj/Air       18%        2-3/arc   4%          2
 Passwall                 Tmut/Erth      2%         N/A       7%          2
 Volatile Blastmotes      Fire/Tloc      30%        2d12      4%          3
 Stone Arrow              Conj/Erth      18%        3d8       9%          3
 Flame Wave               Conj/Fire      17%        2d7       13%         4
 Brom's Barrelling Bould  Conj/Erth      9%         2d3       26%         4
 Airstrike                Air            1%         2d(1-17)  38%         4
 Summon Lightning Spire   Summ/Air       3%         N/A       38%         4


Dungeon Overview and Level Annotations

Branches:
Dungeon (4/15)
 Temple: D:4-7

Altars:
Hepliaklqana
Makhleb
Qazlal
Uskayaw
Wu Jian
Xom

Shops:
D:3 :   D:4 !

Annotations:
D:4 Pikel


Innate Abilities, Weirdness & Mutations

You are partially covered in molten scales. (AC +2)
You sometimes gain a little power by taking damage.
Your touch may inflict minor irresistible damage on your foes.


Message History

Orders for allies: a - Attack new target. r - Retreat! s - Stop attacking. g - Guard the area. f - Follow me.
Anything else - Cancel.
Gang up on whom?
Press: ? - help, Dir - move target, f - Pikel
Aim: Pikel, wielding a +0 whip of electrocution, wearing a +0 robe and carrying a wand of paralysis
Okay, then.
You aren't carrying any items that you can evoke.
Unknown command.
Throw: dart (curare)
Press: ? - help, Q - select action, (/) - cycle Shift-Dir - straight line, f - Pikel
Aim: Pikel, wielding a +0 whip of electrocution, wearing a +0 robe and carrying a wand of paralysis (50% to hit)
You throw a curare-tipped dart.
The curare-tipped dart barely misses Pikel.
The curare-tipped dart closely misses the lemure.
The lemure shouts!
The lemure hits you! The lemure misses you.
Okay, then.
Okay, then.
You hit Pikel but do no damage.
Pikel hits you with a +0 whip of electrocution!
You focus on the pain.
You feel your power returning.
You hit Pikel but do no damage.
You touch Pikel!
Pikel is moderately wounded.
Pikel zaps a wand.
You suddenly lose the ability to move!
Pikel zaps a wand.
You resist with some effort.
You can now stomp with the beat.
Pikel hits you with a +0 whip of electrocution.
You can move again.
You completely miss Pikel. Your touch misses Pikel.
Pikel is moderately wounded.
Pikel misses you.
You hit Pikel.
You touch Pikel!
Pikel is heavily wounded.
Pikel hits you with a +0 whip of electrocution. x2
* * * LOW HITPOINT WARNING * * *
You are electrocuted!
You die...
Pikel says, "See you in Hell!"

#..#####.##.# #...
.##.†.........#
#...
.......)......####
##.#
######.###.########
#.# #............#
#.# ####..######...
..# #.## #.# #.#
..# #@# ### #K#
#....555..#
#.....5...#
#...$.....#
#.........#
......<....#
............
##.....(...##


You could see Pikel and 4 lemures.

Vanquished Creatures
  A black bear (D:4)
  A kobold brigand (D:3)
  A scorpion (D:4)
  A hound (D:4)
  A jelly (D:4)
  An orc wizard (D:3)
  7 gnolls
  5 adders
  A worm (D:3)
  A dart slug (D:1)
  8 orcs
  6 ball pythons
  10 bats
  7 endoplasms
  5 goblins
  6 hobgoblins
  4 jackals (D:3)
  4 quokkas
  5 frilled lizards
  2 kobolds (D:1)
  5 rats
82 creatures vanquished.

Vanquished Creatures (others)
  158 foxfires
158 creatures vanquished.

Grand Total: 240 creatures vanquished

Notes
Turn   | Place    | Note
-------+----------+-------------------------------------------
     0 | D:1      | croobank the Demonspawn Fire Elementalist began the quest
                  | for the Orb.
     0 | D:1      | Reached XP level 1. HP: 13/13 MP: 3/3
   277 | D:1      | Gained mutation: You are partially covered in molten
                  | scales. (AC +2) [demonic ancestry]
   277 | D:1      | Reached XP level 2. HP: 19/19 MP: 1/5
   937 | D:1      | Learned a level 2 spell: Scorch
  1221 | D:1      | Found a faded altar of an unknown god.
  1232 | D:1      | Prayed at the altar of an unknown god.
  1232 | D:1      | Became a worshipper of Uskayaw the Reveller
  1232 | D:1      | Reached * piety under Uskayaw
  1597 | D:2      | Learned a level 2 spell: Blink
  1674 | D:2      | Gained mutation: You sometimes gain a little power by
                  | taking damage. [demonic ancestry]
  1674 | D:2      | Reached XP level 3. HP: 24/24 MP: 3/6
  2435 | D:2      | Identified a scroll of acquirement
  2435 | D:2      | Acquired the staff of Defence {rPois Dex+5 Poison}
  2659 | D:3      | Noticed a kobold brigand
  2663 | D:3      | Reached ** piety under Uskayaw
  2744 | D:3      | Killed a kobold brigand
  2745 | D:3      | Reached skill level 1 in Fighting
  2745 | D:3      | Reached skill level 1 in Invocations
  2745 | D:3      | Reached XP level 4. HP: 32/32 MP: 0/7
  3161 | D:3      | Reached XP level 5. HP: 37/37 MP: 0/8
  3712 | D:3      | Found Cuxics's Book Boutique.
  3722 | D:3      | Learned a level 3 spell: Inner Flame
  3726 | D:3      | Identified the +3 short sword "Xemis" {heavy, rF+ Dex+3}
  4040 | D:3      | Reached skill level 1 in Translocations
  4267 | D:3      | Found a stormy altar of Qazlal.
  4267 | D:3      | Found a hazy altar of Hepliaklqana.
  4267 | D:3      | Found an ornate altar of the Wu Jian Council.
  4267 | D:3      | Found a burning altar of Makhleb.
  4316 | D:3      | Found a shimmering altar of Xom.
  4639 | D:4      | Noticed a black bear
  4646 | D:4      | Killed a black bear
  4646 | D:4      | Reached *** piety under Uskayaw
  4647 | D:4      | Gained mutation: Your touch may inflict minor irresistible
                  | damage on your foes. [demonic ancestry]
  4647 | D:4      | Reached XP level 6. HP: 44/44 MP: 0/10
  4652 | D:4      | Reached **** piety under Uskayaw
  4759 | D:4      | Reached skill level 1 in Short Blades
  4803 | D:4      | Found Duxtej's Distillery.
  4945 | D:4      | Bought a potion of degeneration for 13 gold pieces
  4945 | D:4      | Bought a potion of attraction for 39 gold pieces
  4945 | D:4      | Bought a potion of brilliance for 52 gold pieces
  5009 | D:4      | Noticed Pikel
  5015 | D:4      | Paralysed by Pikel for 2 turns
  5018 | D:4      | Mangled by Pikel

Illustrated notes

Levels and vault maps discovered:
D:1:      roderic_crop_circles_arrival_small, layout_basic,
          hellmonk_ecumenical_altar_arch_garden, skrybe_limestone_x,
          st_stairs_3, minmay_misc_feat_room
D:2:      layout_basic
D:3:      layout_loops_corners, minmay_overflow_temple_hex, serial_shops, shop,
          minmay_fractal_squares_diagonal_5
D:4:      layout_loops_ring, serial_shops, shop, uniq_pikel

Skill      XL: |  1  2  3  4  5  6 |
---------------+-------------------+-----
Stealth        | 2 3 |  3.0
Dodging        | 2 |  2.8
Fire Magic     | 3 |  3.5
Fighting       | 1 2 |  2.1
Invocations    | 1 2 3 |  3.4
Conjurations   | 2 |  2.4
Translocations | 1 |  1.4
Short Blades   | 1 |  1.3
Spellcasting   | |  2.9
Hexes          | |  0.7

Action                     |  1- 3 |  4- 6 || total
---------------------------+-------+-------++-------
  Melee: Unarmed           |     2 |       ||     2
         Staff             |    13 |       ||    13
         Dagger            |     8 |    20 ||    28
         Short sword       |       |    34 ||    34
         Punch             |       |     1 ||     1
         Touch             |       |     3 ||     3
  Throw: Dart              |       |     1 ||     1
   Cast: Foxfire           |    64 |    28 ||    92
         Scorch            |    12 |    30 ||    42
         Inner Flame       |       |     1 ||     1
 Invoke: Stomp             |       |     4 ||     4
    Use: Scroll            |     9 |     4 ||    13
   Stab: Sleeping          |     2 |     4 ||     6
         Paralysed         |       |     1 ||     1
 Armour: Robe              |    34 |    53 ||    87
  Dodge: Dodged            |    28 |    76 ||   104

Table legend: (Time is in decaauts)
 A = Elapsed time spent in this place.
 B = Non-inter-level travel time spent in this place.
 C = Inter-level travel time spent in this place.
 D = Time resting spent in this place.
 E = Time spent auto-exploring this place.
 F = Levels seen in this place.
 G = Mean time per level.
                   A        B        C        D        E       F      G
               +--------+--------+--------+--------+--------+-----+--------+
         Total |   5039 |   4890 |    149 |   1073 |   3072 |   4 | 1259.8 |
       Dungeon |   5039 |   4890 |    149 |   1073 |   3072 |   4 | 1259.8 |
               +--------+--------+--------+--------+--------+-----+--------+

Top non-repeatable levels by time:
     D:3: 1718 daAuts
     D:1: 1498 daAuts
     D:2: 1380 daAuts
     D:4: 442 daAuts
